[ AOE2 MATCH · #506139481 ]
UnrankedKhmer vs Vikings
Player's team · WIN
Rival team · LOSS
[ REPLAY ANALYSIS · EXTRACTED FROM THE RECORDED GAME ]
Feudal
—
Castle
—
Imperial
—
| APM avg | 38.9 |
| APM peak | 97 |
| eAPM avg | 20.9 |
| Villagers / military | 123 / 65 |
Focus
⚔️ 25.6% · 🌾 74.4%
Battle Elephant ×17 · Scorpion ×12 · Knight ×8 · Trebuchet (Packed) ×8 · Spearman ×7 · Scout Cavalry ×5
Feudal
—
Castle
—
Imperial
—
| APM avg | 68.7 |
| APM peak | 155 |
| eAPM avg | 29.0 |
| Villagers / military | 96 / 90 |
Focus
⚔️ 28.8% · 🌾 71.2%
Militia ×37 · Knight ×28 · Trebuchet (Packed) ×8 · Monk ×6 · Scorpion ×6 · Battering Ram ×3
Match map
Initial resources + every placement click. Lines = walls · curves = elevation contours. ◆ gold · ⬟ stone · ● berries · ✦ relic · ◌ wall gap
Your base· ✓ Closed at 18:32 · 55t walls · no gate
realsporting100's base· Open — opponent sealed themselves in
Smoothed initial terrain · ◌ = detected wall gap · hover for details
Inputs per minute
— ManyKitten76428 - - realsporting100
Build order — ManyKitten76428
First 150 of 329 actions detected
| 0:01 | Queue | Villager (Male) |
| 0:01 | Queue | Villager (Male) |
| 0:01 | Queue | Villager (Male) |
| 0:01 | Queue | Villager (Male) |
| 0:01 | Queue | Villager (Male) |
| 0:01 | Queue | Villager (Male) |
| 0:02 | Queue | Villager (Male) |
| 0:02 | Queue | Villager (Male) |
| 0:02 | Queue | Villager (Male) |
| 0:03 | Build | House |
| 0:06 | Build | House |
| 1:20 | Queue | Villager (Male) |
| 1:41 | Queue | Villager (Male) |
| 1:41 | Queue | Villager (Male) |
| 2:10 | Build | Lumber Camp |
| 2:16 | Queue | Villager (Male) |
| 2:17 | Queue | Villager (Male) |
| 2:30 | Queue | Villager (Male) |
| 2:30 | Queue | Villager (Male) |
| 2:56 | Queue | Villager (Male) |
| 2:56 | Queue | Villager (Male) |
| 3:09 | Queue | Villager (Male) |
| 3:09 | Queue | Villager (Male) |
| 3:38 | Queue | Villager (Male) |
| 3:38 | Queue | Villager (Male) |
| 3:54 | Queue | Villager (Male) |
| 3:54 | Queue | Villager (Male) |
| 4:11 | Build | House |
| 4:20 | Queue | Villager (Male) |
| 4:21 | Queue | Villager (Male) |
| 4:26 | Build | Mill |
| 4:39 | Queue | Villager (Male) |
| 4:39 | Queue | Villager (Male) |
| 4:52 | Build | House |
| 5:22 | Queue | Villager (Male) |
| 5:22 | Queue | Villager (Male) |
| 5:44 | Build | Palisade Wall |
| 5:48 | Build | Palisade Wall |
| 6:21 | Research | Loom |
| 7:14 | Research | Feudal Age |
| 7:42 | Build | Palisade Wall |
| 7:45 | Build | Palisade Wall |
| 8:32 | Build | Palisade Wall |
| 8:40 | Queue | Villager (Male) |
| 8:40 | Queue | Villager (Male) |
| 9:27 | Build | Archery Range |
| 9:41 | Build | Blacksmith |
| 9:54 | Queue | Villager (Male) |
| 9:57 | Build | Palisade Wall |
| 10:01 | Queue | Villager (Male) |
| 10:04 | Research | Double-Bit Axe |
| 10:20 | Queue | Skirmisher |
| 10:21 | Queue | Skirmisher |
| 10:34 | Queue | Villager (Male) |
| 10:34 | Queue | Villager (Male) |
| 10:38 | Queue | Skirmisher |
| 10:38 | Queue | Skirmisher |
| 10:46 | Build | Palisade Wall |
| 10:49 | Build | Palisade Wall |
| 10:50 | Build | Palisade Wall |
| 10:57 | Build | House |
| 10:58 | Build | House |
| 11:29 | Build | Mining Camp |
| 11:41 | Build | House |
| 11:43 | Build | Palisade Wall |
| 11:44 | Build | Palisade Wall |
| 12:11 | Build | Stable |
| 12:15 | Build | Farm |
| 12:23 | Build | Mill |
| 12:27 | Queue | Villager (Male) |
| 12:27 | Queue | Villager (Male) |
| 12:34 | Research | Fletching |
| 12:53 | Build | House |
| 12:54 | Build | House |
| 13:21 | Queue | Villager (Male) |
| 13:21 | Queue | Villager (Male) |
| 13:36 | Build | Farm |
| 13:38 | Build | Farm |
| 13:39 | Queue | Villager (Male) |
| 13:43 | Build | House |
| 13:45 | Build | House |
| 13:49 | Build | Farm |
| 14:07 | Queue | Villager (Male) |
| 14:13 | Build | Mining Camp |
| 14:15 | Build | Farm |
| 14:17 | Build | Farm |
| 14:26 | Research | Horse Collar |
| 14:39 | Build | Farm |
| 14:43 | Build | Farm |
| 14:54 | Build | House |
| 14:59 | Queue | Villager (Male) |
| 14:59 | Queue | Villager (Male) |
| 15:00 | Queue | Villager (Male) |
| 15:21 | Queue | Villager (Male) |
| 15:27 | Build | Farm |
| 15:32 | Build | Farm |
| 15:47 | Build | Market |
| 15:54 | Build | Farm |
| 15:59 | Build | Farm |
| 16:05 | Queue | Villager (Male) |
| 16:20 | Build | House |
| 16:29 | Queue | Villager (Male) |
| 16:41 | Build | Farm |
| 16:45 | Build | Farm |
| 16:47 | Queue | Villager (Male) |
| 16:47 | Queue | Villager (Male) |
| 16:53 | Build | House |
| 17:09 | Build | Farm |
| 17:40 | Queue | Villager (Male) |
| 17:44 | Build | Farm |
| 17:47 | Build | Farm |
| 17:51 | Queue | Villager (Male) |
| 18:32 | Research | Castle Age |
| 19:52 | Build | House |
| 19:53 | Build | Palisade Wall |
| 19:53 | Build | Palisade Wall |
| 20:11 | Research | Gold Mining |
| 20:23 | Research | Stone Mining |
| 20:26 | Research | Scale Barding Armor |
| 20:26 | Research | Forging |
| 20:32 | Queue | Villager (Male) |
| 20:32 | Queue | Villager (Male) |
| 20:33 | Queue | Villager (Male) |
| 21:04 | Build | Watch Tower |
| 21:43 | Build | Castle |
| 21:54 | Build | Stone Wall |
| 21:58 | Build | Stone Wall |
| 23:04 | Build | Lumber Camp |
| 23:06 | Build | House |
| 23:17 | Build | Blacksmith |
| 23:37 | Build | Town Center |
| 24:03 | Queue | Villager (Male) |
| 24:03 | Queue | Villager (Male) |
| 24:04 | Queue | Villager (Male) |
| 24:06 | Queue | Scout Cavalry |
| 24:07 | Queue | Scout Cavalry |
| 24:07 | Queue | Scout Cavalry |
| 24:07 | Queue | Scout Cavalry |
| 24:09 | Queue | Scout Cavalry |
| 24:38 | Research | Bodkin Arrow |
| 24:49 | Queue | Villager (Male) |
| 24:50 | Queue | Villager (Male) |
| 24:50 | Queue | Villager (Male) |
| 25:08 | Queue | Villager (Male) |
| 25:08 | Queue | Villager (Male) |
| 25:08 | Queue | Villager (Male) |
| 25:09 | Queue | Villager (Male) |
| 25:09 | Queue | Villager (Male) |
| 25:09 | Queue | Villager (Male) |
| 25:09 | Queue | Villager (Male) |
Build order — realsporting100
First 150 of 272 actions detected
| 0:02 | Build | House |
| 0:04 | Build | House |
| 0:08 | Queue | Villager (Male) |
| 0:08 | Queue | Villager (Male) |
| 0:09 | Queue | Villager (Male) |
| 0:09 | Queue | Villager (Male) |
| 0:09 | Queue | Villager (Male) |
| 1:32 | Queue | Villager (Male) |
| 1:32 | Queue | Villager (Male) |
| 1:54 | Build | Lumber Camp |
| 2:07 | Research | Loom |
| 2:12 | Queue | Villager (Male) |
| 2:12 | Queue | Villager (Male) |
| 2:37 | Queue | Villager (Male) |
| 3:07 | Queue | Villager (Male) |
| 3:07 | Queue | Villager (Male) |
| 3:08 | Queue | Villager (Male) |
| 3:22 | Build | House |
| 3:23 | Build | House |
| 4:16 | Queue | Villager (Male) |
| 4:17 | Queue | Villager (Male) |
| 4:17 | Queue | Villager (Male) |
| 5:01 | Queue | Villager (Male) |
| 5:01 | Queue | Villager (Male) |
| 5:01 | Queue | Villager (Male) |
| 5:38 | Build | Mill |
| 5:41 | Queue | Villager (Male) |
| 5:42 | Queue | Villager (Male) |
| 5:42 | Queue | Villager (Male) |
| 6:29 | Queue | Villager (Male) |
| 7:25 | Research | Feudal Age |
| 7:32 | Build | Barracks |
| 8:15 | Queue | Militia |
| 8:15 | Queue | Militia |
| 8:15 | Queue | Militia |
| 8:33 | Queue | Villager (Male) |
| 8:33 | Queue | Villager (Male) |
| 8:42 | Build | Farm |
| 8:52 | Build | House |
| 8:53 | Build | House |
| 8:55 | Queue | Militia |
| 8:55 | Queue | Militia |
| 9:04 | Queue | Militia |
| 9:26 | Build | Mill |
| 9:57 | Queue | Villager (Male) |
| 9:57 | Queue | Villager (Male) |
| 10:09 | Build | Farm |
| 10:32 | Queue | Villager (Male) |
| 10:38 | Research | Man-at-Arms (upgrade) |
| 10:41 | Build | Farm |
| 10:47 | Queue | Villager (Male) |
| 10:47 | Queue | Villager (Male) |
| 11:51 | Queue | Villager (Male) |
| 11:52 | Queue | Villager (Male) |
| 11:59 | Build | Mining Camp |
| 12:14 | Build | Farm |
| 12:17 | Build | Farm |
| 12:24 | Build | Farm |
| 12:25 | Queue | Villager (Male) |
| 12:36 | Build | House |
| 12:53 | Queue | Villager (Male) |
| 12:53 | Queue | Villager (Male) |
| 12:58 | Build | Farm |
| 13:15 | Queue | Villager (Male) |
| 13:42 | Research | Double-Bit Axe |
| 13:42 | Research | Double-Bit Axe |
| 14:10 | Queue | Villager (Male) |
| 14:30 | Build | Market |
| 14:41 | Queue | Villager (Male) |
| 15:00 | Queue | Villager (Male) |
| 15:26 | Build | Blacksmith |
| 15:29 | Queue | Villager (Male) |
| 15:36 | Build | House |
| 15:37 | Build | House |
| 16:16 | Research | Castle Age |
| 16:47 | Build | House |
| 16:58 | Build | Lumber Camp |
| 17:01 | Build | Farm |
| 17:04 | Build | Farm |
| 17:08 | Build | Farm |
| 17:18 | Research | Forging |
| 17:33 | Research | Horse Collar |
| 17:44 | Research | Gold Mining |
| 18:00 | Build | Farm |
| 19:01 | Research | Long Swordsman (upgrade) |
| 19:07 | Build | Farm |
| 19:13 | Build | Siege Workshop |
| 19:22 | Queue | Villager (Male) |
| 19:22 | Queue | Villager (Male) |
| 19:33 | Research | Bow Saw |
| 19:43 | Queue | Militia |
| 19:43 | Queue | Militia |
| 19:56 | Build | House |
| 19:58 | Build | House |
| 20:02 | Queue | Scorpion |
| 20:02 | Queue | Scorpion |
| 20:03 | Queue | Scorpion |
| 20:09 | Queue | Villager (Male) |
| 20:09 | Queue | Villager (Male) |
| 20:31 | Queue | Militia |
| 20:31 | Queue | Militia |
| 20:44 | Queue | Scorpion |
| 20:52 | Queue | Villager (Male) |
| 20:59 | Build | Mining Camp |
| 21:01 | Queue | Villager (Male) |
| 21:01 | Queue | Villager (Male) |
| 21:30 | Queue | Scorpion |
| 21:44 | Queue | Scorpion |
| 21:47 | Queue | Villager (Male) |
| 21:47 | Queue | Villager (Male) |
| 21:49 | Queue | Villager (Male) |
| 21:55 | Build | Town Center |
| 22:01 | Build | House |
| 22:03 | Build | House |
| 22:57 | Queue | Battering Ram |
| 22:58 | Queue | Battering Ram |
| 23:02 | Queue | Villager (Male) |
| 23:02 | Queue | Villager (Male) |
| 23:03 | Queue | Villager (Male) |
| 23:04 | Queue | Villager (Male) |
| 23:05 | Queue | Villager (Male) |
| 23:05 | Queue | Villager (Male) |
| 23:27 | Queue | Battering Ram |
| 23:55 | Build | Monastery |
| 24:00 | Queue | Villager (Male) |
| 24:01 | Queue | Villager (Male) |
| 24:02 | Queue | Villager (Male) |
| 24:13 | Queue | Villager (Male) |
| 24:13 | Queue | Villager (Male) |
| 24:58 | Build | House |
| 25:00 | Build | House |
| 25:03 | Queue | Villager (Male) |
| 25:03 | Queue | Villager (Male) |
| 25:11 | Build | Town Center |
| 25:13 | Queue | Villager (Male) |
| 25:13 | Queue | Villager (Male) |
| 25:29 | Build | University |
| 25:56 | Build | House |
| 25:57 | Build | House |
| 26:06 | Queue | Villager (Male) |
| 26:06 | Queue | Villager (Male) |
| 26:07 | Queue | Villager (Male) |
| 26:08 | Queue | Villager (Male) |
| 26:43 | Research | Imperial Age |
| 26:54 | Build | Stable |
| 27:28 | Build | Castle |
| 28:11 | Queue | Villager (Male) |
| 28:11 | Queue | Villager (Male) |
| 28:19 | Build | Farm |
| 28:19 | Build | Farm |
Match timeline
| 5:44 | ManyKitten76428 · wall_segment Palisade Wall x2 |
| 5:48 | ManyKitten76428 · wall_segment Palisade Wall x18 |
| 7:32 | realsporting100 · first_building Barracks |
| 7:42 | ManyKitten76428 · wall_segment Palisade Wall x3 |
| 7:45 | ManyKitten76428 · wall_segment Palisade Wall x12 |
| 8:32 | ManyKitten76428 · wall_segment Palisade Wall x4 |
| 9:27 | ManyKitten76428 · first_building Archery Range |
| 9:57 | ManyKitten76428 · wall_segment Palisade Wall x8 |
| 10:46 | ManyKitten76428 · wall_segment Palisade Wall x5 |
| 10:49 | ManyKitten76428 · wall_segment Palisade Wall x1 |
| 10:50 | ManyKitten76428 · wall_segment Palisade Wall x1 |
| 11:43 | ManyKitten76428 · wall_segment Palisade Wall x1 |
| 11:44 | ManyKitten76428 · wall_segment Palisade Wall x1 |
| 12:11 | ManyKitten76428 · first_building Stable |
| 19:13 | realsporting100 · first_building Siege Workshop |
| 19:53 | ManyKitten76428 · wall_segment Palisade Wall x1 |
| 19:53 | ManyKitten76428 · wall_segment Palisade Wall x1 |
| 20:19 | realsporting100 · first_market_buy 100 wood |
| 21:33 | ManyKitten76428 · first_market_buy 100 stone |
| 21:43 | ManyKitten76428 · first_building Castle |
| 21:54 | ManyKitten76428 · wall_segment Stone Wall x4 |
| 21:58 | ManyKitten76428 · wall_segment Stone Wall x8 |
| 23:55 | realsporting100 · first_building Monastery |
| 25:17 | ManyKitten76428 · wall_segment Stone Wall x13 |
| 25:55 | ManyKitten76428 · wall_segment Stone Wall x4 |
| 25:57 | ManyKitten76428 · wall_segment Stone Wall x1 |
| 26:10 | ManyKitten76428 · first_building Siege Workshop |
| 26:54 | realsporting100 · first_building Stable |
| 27:22 | ManyKitten76428 · wall_segment Stone Wall x9 |
| 27:28 | realsporting100 · first_building Castle |
| 30:58 | realsporting100 · first_market_sell 100 wood |
| 35:54 | ManyKitten76428 · wall_segment Stone Wall x4 |
| 36:57 | ManyKitten76428 · first_building Monastery |
| 39:19 | ManyKitten76428 · first_building Barracks |
| 39:22 | ManyKitten76428 · wall_segment Stone Wall x3 |
| 40:46 | ManyKitten76428 · wall_segment Palisade Wall x1 |
| 40:48 | ManyKitten76428 · wall_segment Stone Wall x1 |
| 40:56 | ManyKitten76428 · wall_segment Stone Wall x1 |
| 41:00 | ManyKitten76428 · wall_segment Stone Wall x4 |
| 42:59 | realsporting100 · resign |
[ AI ANALYSIS · 1 CREDIT ]
What really happened in this match?
Wolo.gg analyzes every decision: build order, eco, micro, common mistakes by bracket. Personalized analysis on WhatsApp or Discord in 30 seconds.
Civ guide
Khmer
Perfil
Jugador #15948060